 Dungeon Crawl Stone Soup version 0.22-a0-571-g4a923d4 (webtiles) character file.

1017 Hebeh the Chopper (level 8, -2/103 (105) HPs)
             Began as a Minotaur Fighter on July 1, 2018.
             Was a Follower of Trog.
             Killed by divine providence
             ... invoked by an orc priest
              (17 damage)
             ... on level 6 of the Dungeon.
             The game lasted 00:10:54 (3940 turns).

Hebeh the Chopper (Minotaur Fighter)                Turns: 3940, Time: 00:10:55

HP:   -2/103 (105)  AC:  8    Str: 27    XL:     8   Next: 1%
MP:   7/7           EV:  8    Int:  5    God:    Trog [*.....]
Gold: 243           SH: 11    Dex: 11    Spells: 7/7 levels left

rFire    . . .     SeeInvis .   a - +0 war axe
rCold    . . .     Gourm    .   c - +0 shield
rNeg     . . .     Faith    .   b - +0 scale mail
rPois    .         Spirit   .   z - +1 hat {MR+}
rElec    .         Reflect  .   (no cloak)
rCorr    .         Harm     .   (no gloves)
MR       +....                  (no boots)
Stlth    ..........             (no amulet)
HPRegen  0.27/turn              h - ring of stealth
MPRegen  0.10/turn              (no ring)

@: berserking, very quick
A: retaliatory headbutt, horns 2
a: Berserk, Renounce Religion


You were on level 6 of the Dungeon.
You worshipped Trog.
Trog was aware of your devotion.
You were hungry.

You visited 2 branches of the dungeon, and saw 7 of its levels.

You collected 243 gold pieces.

Inventory:

Hand Weapons
 a - a +0 war axe (weapon)
Missiles
 m - 5 javelins (quivered)
Armour
 b - a +0 scale mail (worn)
 c - a +0 shield (worn)
 z - a +1 hat of magic resistance (worn)
Jewellery
 h - a ring of stealth (left hand)
 B - a +3 ring of dexterity {unknown}
Wands
 v - a wand of clouds (5)
 y - a wand of scattershot (4)
 C - a wand of paralysis (16)
Scrolls
 e - 2 scrolls of amnesia {unknown}
 j - 2 scrolls of blinking {unknown}
 k - 5 scrolls of identify {unknown}
 r - a scroll of fog {unknown}
 s - 2 scrolls of enchant armour {unknown}
 t - 2 scrolls of teleportation {unknown}
 u - a scroll of random uselessness {unknown}
 w - a scroll of fear {unknown}
 A - a scroll of enchant weapon {unknown}
Potions
 d - a potion of might
 g - 2 potions of heal wounds {unknown}
 i - 4 potions of curing {unknown}
 l - 2 potions of resistance {unknown}
 n - 4 potions of brilliance {unknown}
 o - 3 potions of lignification {unknown}
 p - a potion of flight {unknown}
 q - a potion of degeneration {unknown}
Comestibles
 f - 6 rations
 x - 7 chunks of flesh


   Skills:
 + Level 6.1 Fighting
 * Level 7.4 Axes
 + Level 6.1 Armour
 + Level 6.1 Shields


You had 7 spell levels left.
You didn't know any spells.
Your spell library was empty.

Dungeon Overview and Level Annotations

Branches:
Dungeon (6/15)             Temple (1/1) D:4

Altars:
Ashenzari
Cheibriados
Elyvilon
Fedhas
Gozag
Hepliaklqana
Kikubaaqudgha
Makhleb
Nemelex Xobeh
Okawaru
Qazlal
Ru
Sif Muna
Trog
Uskayaw
Vehumet
Wu Jian
Xom
Yredelemnul
Zin
The Shining One


Innate Abilities, Weirdness & Mutations

You reflexively headbutt those who attack you in melee.
You have a pair of horns on your head.


Message History

You hit the orc warrior but do no damage.
The orc warrior is severely wounded.
The orc warrior hits you with a long sword!!
* * * LOW HITPOINT WARNING * * *
You hit the orc warrior.
The orc warrior is severely wounded.
The orc warrior hits you but does no damage.
You slash the orc warrior!
You kill the orc warrior!
Trog accepts your kill.
You have reached level 8!
You feel agile.
A red film seems to cover your vision as you go berserk!
You feel yourself moving faster!
You feel mighty!
You are feeling hungry.
You slash the orc priest!
The orc priest is severely wounded.
The orc priest calls down the wrath of Beogh upon you.
Beogh smites you!
You die...

..#.#.#.#.###<.......
.....#....).).......
#..#.#####.###<.......
.. #...#...# ######...
# #...#...# .. .
..#....## . ..
#.##)#.# ...##
#.##.#.#
......#.##@..#
...o#.#.##o###
........##o#
...##o....o# ########


You could see an orc priest and 2 orcs.

Vanquished Creatures
  An orc warrior (D:6)
  An ogre (D:5)
  A centaur (D:5)
  A necrophage (D:5)
  A scorpion (D:6)
  2 bullfrog zombies (D:5)
  A hound (D:4)
  2 orc wizards
  2 iguanas
  Ijyb (D:4)
  6 worker ants
  4 gnolls (D:3)
  8 adders
  A shadow imp (D:5)
  An ooze (D:3)
  3 adder skeletons
  5 worms
  5 dart slugs
  3 leopard geckos
  10 orcs
  2 ball pythons
  4 giant cockroaches
  6 goblins
  13 hobgoblins
  4 jackals
  7 kobolds
  3 quokkas
  6 bats
  3 frilled lizards
  A jackal skeleton (D:4)
  6 rats
114 creatures vanquished.

Notes
Turn   | Place    | Note
-------+----------+-------------------------------------------
     0 | D:1      | Hebeh the Minotaur Fighter began the quest for the Orb.
     0 | D:1      | Reached XP level 1. HP: 19/19 MP: 0/0
   120 | D:1      | Reached XP level 2. HP: 27/27 MP: 1/1
   139 | D:1      | Reached skill level 3 in Axes
   479 | D:1      | Reached XP level 3. HP: 33/33 MP: 2/2
   661 | D:2      | Reached XP level 4. HP: 25/40 MP: 3/3
  1050 | D:2      | Reached skill level 4 in Axes
  1281 | D:3      | Reached XP level 5. HP: 28/47 MP: 4/4
  2171 | D:4      | Reached skill level 5 in Axes
  2260 | D:4      | Found a staircase to the Ecumenical Temple.
  2270 | D:4      | Noticed Ijyb
  2280 | D:4      | Killed Ijyb
  2280 | D:4      | Reached XP level 6. HP: 52/55 MP: 5/5
  2287 | Temple   | Entered the Ecumenical Temple
  2321 | Temple   | Became a worshipper of Trog the Wrathful
  2568 | D:4      | Reached skill level 5 in Fighting
  2568 | D:4      | Reached skill level 5 in Shields
  2761 | D:4      | Reached skill level 5 in Armour
  2912 | D:5      | Entered Level 5 of the Dungeon
  3042 | D:5      | Got a brightly glowing scale mail
  3097 | D:5      | Identified the +3 scale mail of the Desolation of Salt {*Corrode Str+3 Dex+4} (You found it on level 5 of the Dungeon)
  3188 | D:5      | Reached skill level 6 in Axes
  3191 | D:5      | Reached XP level 7. HP: 5/61 MP: 6/6
  3723 | D:5      | Reached * piety under Trog
  3843 | D:5      | Reached skill level 7 in Axes
  3938 | D:6      | Reached XP level 8. HP: 9/69 MP: 7/7
  3940 | D:6      | Killed from afar by an orc priest

Vault maps used:
D:1:      eino_arrival_tree_alley
D:2:      first_ration
D:4:      minmay_temple_entry_water_ring, uniq_ijyb
D:6:      corner_web_ring
Temple:   nicolae_temple_the_god_donut

Skill      XL: |  1  2  3  4  5  6  7 |
---------------+----------------------+-----
Axes           | 3 4 5 6 7 |  7.4
Fighting       | 4 5 6 |  6.1
Armour         | 4 5 6 |  6.1
Shields        | 4 5 6 |  6.1

Action                   |  1- 3 |  4- 6 |  7- 9 || total
-------------------------+-------+-------+-------++-------
Melee: War axe           |    66 |   158 |    55 ||   279
       Headbutt          |     8 |    36 |    11 ||    55
Invok: Berserk           |       |       |     1 ||     1
  Eat: Chunk             |       |     4 |     3 ||     7
       Ration            |       |     1 |       ||     1
Armor: Scale mail        |    28 |    61 |    12 ||   101
Dodge: Dodged            |    24 |    44 |    15 ||    83
Block: Shield            |    32 |    75 |    22 ||   129

Table legend:
 A = Spawn XP
 B = Non-spawn XP
 C = Spawn XP percentage of total XP
 D = Spawn monster count
 E = Non-spawn monster count
 F = Spawn count percentage of total count
 G = Total turns spent on level
                    A         B        C        D         E        F      G
               +---------+---------+-------+---------+---------+-------+---------
         Total |       0 |    1453 |   0.0 |       0 |     114 |   0.0 |  3940
               +---------+---------+-------+---------+---------+-------+---------
           D:1 |       0 |      42 |   0.0 |       0 |      22 |   0.0 |   550
           D:2 |       0 |      96 |   0.0 |       0 |      26 |   0.0 |   680
           D:3 |       0 |     117 |   0.0 |       0 |      22 |   0.0 |   742
           D:4 |       0 |     229 |   0.0 |       0 |      17 |   0.0 |   893
           D:5 |       0 |     711 |   0.0 |       0 |      22 |   0.0 |   953
           D:6 |       0 |     258 |   0.0 |       0 |       5 |   0.0 |    75
               +---------+---------+-------+---------+---------+-------+---------
